 Dungeon Sprint DCSS version 0.22-a0-379-ga9d99d6 (webtiles) character file.

7921 emperorscorpion the Slicer (level 11, -2/104 HPs)
             Began as a Minotaur Fighter on Apr 28, 2018.
             Was a Follower of Uskayaw.
             Slain by an iron troll (17 damage)
             ... in the Dungeon (Sprint IX: "|||||||||||||||||||||||||||||").
             The game lasted 00:06:20 (1493 turns).

emperorscorpion the Slicer (Minotaur Fighter)       Turns: 1493, Time: 00:06:22

Health: -2/104     AC: 13    Str: 27    XL:     11   Next: 3%
Magic:  19/19      EV: 12    Int:  5    God:    Uskayaw [*.....]
Gold:   1262       SH: 13    Dex: 13    Spells: 10/10 levels left

rFire    . . .     SeeInvis .   a - +2 rapier (venom)
rCold    . . .     Gourm    .   c - +0 shield
rNeg     . . .     Faith    .   v - +1 scale mail
rPois    .         Spirit   .   (helmet restricted)
rElec    .         Reflect  .   u - +0 cloak
rCorr    .         Harm     .   (no gloves)
MR       .....     NoTele   +   E - +0 pair of boots
Stlth    +++.......             (no amulet)
HPRegen  0.27/turn              w - +3 ring of strength
MPRegen  0.16/turn              x - +3 ring of strength

@: no status effects
A: retaliatory headbutt, horns 2
a: Stomp, Renounce Religion


You were in the Dungeon.
You worshipped Uskayaw.
Uskayaw was pleased with you.
You were not hungry.

You visited 1 branch You collected 1262 gold pieces.

Inventory:

Hand Weapons
 a - a +2 rapier of venom (weapon)
 b - a +2 scimitar of flaming
 r - a +0 rapier
Missiles
 F - 7 javelins (quivered)
Armour
 c - a +0 shield (worn)
 s - a +0 scale mail
 t - a +0 helmet
 u - a +0 cloak (worn)
 v - a +1 scale mail (worn)
 E - a +0 pair of boots (worn)
Magical Staves
 q - an uncursed staff of energy
Jewellery
 w - a +3 ring of strength (left hand)
 x - a +3 ring of strength (right hand)
 y - an uncursed ring of flight
Wands
 p - a wand of iceblast (7)
Scrolls
 k - 3 scrolls of blinking
 n - 3 scrolls of remove curse
 o - 2 scrolls of amnesia
 B - 2 scrolls of enchant weapon
 C - 3 scrolls of fog
 D - a scroll of fear
Potions
 d - a potion of might
 e - 6 potions of curing
 g - 7 potions of heal wounds
 h - a potion of haste
 i - 4 potions of magic
 j - a potion of berserk rage
 m - a potion of invisibility
 z - 2 potions of agility
 A - a potion of flight
Comestibles
 f - 11 rations


   Skills:
 + Level 12.1 Fighting
 + Level 13.9 Short Blades
 + Level 11.8 Armour
 + Level 4.0 Dodging
 * Level 9.9 Stealth
 + Level 12.1 Shields
 * Level 12.0 Invocations
 + Level 2.5 Evocations


You had 10 spell levels left.
You didn't know any spells.

Dungeon Overview and Level Annotations

Branches:
Dungeon (1/1)

Altars:
Cheibriados
Dithmenos
Elyvilon
Fedhas
Gozag
Hepliaklqana
Kikubaaqudgha
Makhleb
Nemelex Xobeh
Okawaru
Qazlal
Ru
Sif Muna
Trog
Uskayaw
Vehumet
Wu Jian
Xom
Yredelemnul
Zin
The Shining One
Beogh
Jiyva
Lugonu

Shops:
D :


Innate Abilities, Weirdness & Mutations

You reflexively headbutt those who attack you in melee.
You have a pair of horns on your head.


Message History

You barely miss the iron troll.
You headbutt the iron troll, but do no damage.
The iron troll is lightly wounded.
You hit the iron troll but do no damage.
The iron troll is lightly wounded.
The iron troll bites you! The iron troll claws you!
You block the iron troll's attack.
You hit the iron troll but do no damage.
The iron troll looks as sick as possible!
The iron troll is lightly wounded.
You hit the iron troll but do no damage.
The iron troll is lightly wounded.
You hit the iron troll but do no damage.
The iron troll looks as sick as possible!
You headbutt the iron troll!
The iron troll is moderately wounded.
The iron troll bites you!!
* * * LOW HITPOINT WARNING * * *
You block the iron troll's attack. The iron troll claws you!
You die...

▓▓▓▓▓▓▓▓▓▓▓▓▓▓▓▓▓▓▓▓▓▓▓▓
...')))))))).)))@TTT{C∩T
▓▓▓▓▓▓▓▓▓▓▓▓▓▓▓▓▓▓▓▓▓▓▓▓▓▓▓▓▓▓▓▓▓
.................................
▓▓▓▓▓▓▓▓▓▓▓▓▓▓▓▓▓▓▓▓▓▓▓▓▓▓▓▓▓▓▓▓▓
.......'÷÷÷......'.........((.'..
▓▓▓▓▓▓▓▓▓▓▓▓▓▓▓▓▓▓▓▓▓▓▓▓▓▓▓▓▓▓▓▓▓
.................................
▓▓▓▓▓▓▓▓▓▓▓▓▓▓▓▓▓▓▓▓▓▓▓▓▓▓▓▓▓▓▓▓▓
_________________'...)....(')....


You could see 3 iron trolls, a stone giant and a troll.

Vanquished Creatures
  Urug (D)
  2 lindwurms (D)
  4 orc knights (D)
  A black mamba (D)
  A spiny frog (D)
  A komodo dragon (D)
  3 tyrant leeches (D)
  A slime creature (D)
  A blink frog (D)
  2 yaks (D)
  4 water moccasins (D)
  2 porcupines (D)
  7 orc warriors (D)
  A sky beast (D)
  A black bear (D)
  2 ogres (D)
  A centaur (D)
  5 crocodiles (D)
  A bullfrog (D)
  A jelly (D)
  A hound (D)
  7 orc priests (D)
  6 orc wizards (D)
  3 adder zombies (D)
  An adder skeleton (D)
  3 worms (D)
  4 orcs (D)
  2 hobgoblins (D)
  A frilled lizard (D)
  A giant cockroach zombie (D)
  A jackal skeleton (D)
  2 kobolds (D)
74 creatures vanquished.

Vanquished Creatures (others)
  A spatial maelstrom (D)
1 creature vanquished.

Grand Total: 75 creatures vanquished

Notes
Turn   | Place    | Note
-------+----------+-------------------------------------------
     0 | D        | emperorscorpion the Minotaur Fighter began the quest for the Orb.
     0 | D        | Reached XP level 1. HP: 19/19 MP: 0/0
    12 | D        | Banished a spatial maelstrom
    21 | D        | Noticed a hound
    24 | D        | Reached XP level 2. HP: 28/28 MP: 1/1
    31 | D        | Reached skill level 5 in Fighting
    31 | D        | Reached skill level 3 in Short Blades
    31 | D        | Reached skill level 5 in Armour
    31 | D        | Reached skill level 5 in Shields
    31 | D        | Reached XP level 3. HP: 34/36 MP: 2/2
    44 | D        | Found a roughly hewn altar of Beogh.
    44 | D        | Found a snail-covered altar of Cheibriados.
    44 | D        | Found a shadowy altar of Dithmenos.
    44 | D        | Found a white marble altar of Elyvilon.
    44 | D        | Found a blossoming altar of Fedhas.
    44 | D        | Found an opulent altar of Gozag.
    45 | D        | Found a hazy altar of Hepliaklqana.
    46 | D        | Found a viscous altar of Jiyva.
    47 | D        | Found an ancient bone altar of Kikubaaqudgha.
    48 | D        | Found a corrupted altar of Lugonu.
    49 | D        | Found a burning altar of Makhleb.
    50 | D        | Found a sparkling altar of Nemelex Xobeh.
    51 | D        | Found an iron altar of Okawaru.
    52 | D        | Found a stormy altar of Qazlal.
    53 | D        | Found a sacrificial altar of Ru.
    54 | D        | Found a deep blue altar of Sif Muna.
    55 | D        | Found a bloodstained altar of Trog.
    56 | D        | Found a hide-covered altar of Uskayaw.
    57 | D        | Found a radiant altar of Vehumet.
    58 | D        | Found an ornate altar of the Wu Jian Council.
    59 | D        | Found a shimmering altar of Xom.
    60 | D        | Found a basalt altar of Yredelemnul.
    61 | D        | Found a glowing silver altar of Zin.
    62 | D        | Found a glowing golden altar of the Shining One.
    64 | D        | Became a worshipper of Uskayaw the Reveler
   110 | D        | Noticed a centaur
   110 | D        | Noticed a black bear
   116 | D        | Reached * piety under Uskayaw
   117 | D        | Killed a centaur
   117 | D        | Reached skill level 5 in Short Blades
   117 | D        | Reached XP level 4. HP: 31/47 MP: 3/3
   117 | D        | Reached ** piety under Uskayaw
   124 | D        | Reached *** piety under Uskayaw
   125 | D        | Killed a black bear
   125 | D        | Reached skill level 6 in Short Blades
   125 | D        | Reached XP level 5. HP: 37/53 MP: 4/4
   125 | D        | Reached **** piety under Uskayaw
   225 | D        | Noticed a sky beast
   225 | D        | Noticed an ogre
   225 | D        | Noticed an orc warrior
   225 | D        | Noticed an ogre
   225 | D        | Noticed a slime creature
   230 | D        | Killed a sky beast
   230 | D        | Reached skill level 7 in Short Blades
   230 | D        | Reached skill level 1 in Stealth
   230 | D        | Reached XP level 6. HP: 52/62 MP: 4/6
   232 | D        | Reached skill level 1 in Dodging
   234 | D        | Killed an orc warrior
   234 | D        | Reached skill level 8 in Short Blades
   234 | D        | Reached XP level 7. HP: 36/70 MP: 4/8
   235 | D        | Reached ***** piety under Uskayaw
   237 | D        | Killed a slime creature
   239 | D        | Reached skill level 9 in Short Blades
   353 | D        | Noticed a yak
   353 | D        | Noticed a blink frog
   353 | D        | Noticed a komodo dragon
   358 | D        | Reached skill level 5 in Invocations
   358 | D        | Reached skill level 1 in Evocations
   366 | D        | Killed a yak
   366 | D        | Reached skill level 10 in Armour
   366 | D        | Reached XP level 8. HP: 55/79 MP: 9/11
   368 | D        | Reached skill level 10 in Shields
   369 | D        | Killed a blink frog
   369 | D        | Reached skill level 10 in Fighting
   369 | D        | Reached skill level 10 in Short Blades
   369 | D        | Reached skill level 5 in Stealth
   370 | D        | Killed a komodo dragon
   376 | D        | Reached skill level 11 in Short Blades
   501 | D        | Noticed a spiny frog
   501 | D        | Noticed a black mamba
   507 | D        | Killed a spiny frog
   507 | D        | Reached XP level 9. HP: 78/86 MP: 13/13
   514 | D        | Killed a black mamba
   514 | D        | Reached skill level 12 in Short Blades
   528 | D        | Reached ****** piety under Uskayaw
   535 | D        | Noticed a tyrant leech
   535 | D        | Noticed a lindwurm
   535 | D        | Noticed a lindwurm
   536 | D        | Noticed a tyrant leech
   537 | D        | Noticed a tyrant leech
   545 | D        | Killed a lindwurm
   546 | D        | Killed a tyrant leech
   555 | D        | Killed a lindwurm
   555 | D        | Reached skill level 13 in Short Blades
   555 | D        | Reached XP level 10. HP: 24/96 MP: 7/15
   872 | D        | Noticed Urug
   892 | D        | Killed Urug
   892 | D        | Reached skill level 10 in Invocations
  1400 | D        | Noticed an orc knight
  1400 | D        | Noticed an orc knight
  1401 | D        | Noticed an orc knight
  1413 | D        | Killed an orc knight
  1417 | D        | Killed an orc knight
  1418 | D        | Noticed an orc knight
  1419 | D        | Killed an orc knight
  1423 | D        | Killed an orc knight
  1423 | D        | Reached XP level 11. HP: 104/104 MP: 18/18
  1481 | D        | Found Xuzekkea's Book Emporium.
  1481 | D        | Noticed an iron troll
  1481 | D        | Noticed an iron troll
  1481 | D        | Noticed an iron troll
  1481 | D        | Noticed an ogre mage
  1481 | D        | Noticed an ogre mage
  1485 | D        | Noticed a stone giant
  1493 | D        | Slain by an iron troll

Vault maps used:
D:        linesprint

Skill      XL: |  1  2  3  4  5  6  7  8  9 10 11 |
---------------+----------------------------------+-----
Fighting       | 4 5 7 8 9 10 11 12 | 12.1
Armour         | 4 5 7 8 9 10 11 | 11.8
Shields        | 4 5 7 8 9 10 11 12 | 12.1
Short Blades   | 3 5 6 7 8 9 11 13 | 13.9
Stealth        | 1 3 4 6 8 9 |  9.9
Invocations    | 2 3 5 7 9 11 12 | 12.0
Dodging        | 1 2 3 4 |  4.0
Evocations     | 1 2 |  2.5

Action                   |  1- 3 |  4- 6 |  7- 9 | 10-12 || total
-------------------------+-------+-------+-------+-------++-------
Melee: Rapier            |    31 |    18 |    62 |    95 ||   206
       Headbutt          |     8 |     7 |    19 |    21 ||    55
Invok: Grand Finale      |       |       |     1 |     1 ||     2
Evoke: Wand              |       |     1 |     2 |       ||     3
 Stab: Paralysed         |       |     2 |     3 |     6 ||    11
       Sleeping          |       |       |       |     1 ||     1
  Eat: Chunk             |       |       |       |     4 ||     4
Armor: Scale mail        |    11 |     5 |     5 |     7 ||    28
Dodge: Dodged            |     5 |     5 |    11 |    10 ||    31
Block: Shield            |    10 |     4 |    32 |    21 ||    67

Table legend:
 A = Spawn XP
 B = Non-spawn XP
 C = Spawn XP percentage of total XP
 D = Spawn monster count
 E = Non-spawn monster count
 F = Spawn count percentage of total count
 G = Total turns spent on level
                    A         B        C        D         E        F      G
               +---------+---------+-------+---------+---------+-------+---------
         Total |       0 |   11316 |   0.0 |       0 |      74 |   0.0 |  1493
               +---------+---------+-------+---------+---------+-------+---------
             D |       0 |   11316 |   0.0 |       0 |      74 |   0.0 |  1493
               +---------+---------+-------+---------+---------+-------+---------
